[Event "Aktivschachturnier (30 Sek. pro Zug)"]
[Site "Wuppertal"]
[Date "2007.??.??"]
[Round "?"]
[White "Centurion, Saitek"]
[Black "MM V, Mephisto"]
[Result "1/2-1/2"]
[ECO "A22"]
[WhiteElo "1978"]
[BlackElo "1974"]
[Annotator "Jaeger,Thomas"]
[PlyCount "79"]
[EventDate "2007.??.??"]
[TimeControl "120+1"]

{32MB, book.ctg, ANJATHOMAS} 1. c4 e5 2. Nc3 Nf6 3. g3 d5 4. cxd5 Nxd5 5. Bg2 {
letzter Buchzug} Nxc3 6. bxc3 Nc6 {letzter Buchzug} 7. Bxc6+ bxc6 8. Qa4 Bd7 9.
Rb1 c5 10. Qe4 Bd6 11. Nf3 f6 12. Ba3 Be6 13. Qc6+ Kf7 14. Rb7 Rb8 15. O-O Rxb7
16. Qxb7 Qa8 17. Qxa8 Rxa8 18. Ra1 e4 19. Ne1 Rb8 20. f4 c4 21. Bxd6 cxd6 22.
Kf2 d5 23. Ke3 Ke7 {Tb2!} 24. Nc2 Kd6 25. a4 a5 26. Nd4 Bd7 27. h4 h5 28. Nc2
Kc5 29. Nd4 g6 30. Rc1 Bg4 31. Rf1 Rb7 32. f5 {!} gxf5 33. Nxf5 Rb8 34. Nh6 Bd7
35. Rxf6 Bxa4 36. Ra6 Kb5 37. Rd6 Kc5 38. Ra6 Kb5 39. Rd6 Kc5 40. Ra6 1/2-1/2

[Event "Aktivschachturnier (30 Sek. pro Zug)"]
[Site "Wuppertal"]
[Date "2007.??.??"]
[Round "?"]
[White "MM V, Mephisto"]
[Black "Centurion, Saitek"]
[Result "0-1"]
[ECO "D41"]
[WhiteElo "1974"]
[BlackElo "1978"]
[Annotator "Jaeger,Thomas"]
[PlyCount "144"]
[EventDate "2007.??.??"]
[TimeControl "120+1"]

{32MB, book.ctg, ANJATHOMAS} 1. c4 c5 2. Nc3 Nf6 3. Nf3 d5 4. cxd5 Nxd5 {
letzter Buchzug} 5. e3 {letzter Buchzug} e6 6. d4 Nxc3 7. bxc3 cxd4 8. cxd4
Bb4+ 9. Bd2 Bd6 10. Rc1 O-O 11. Bd3 Nd7 12. O-O b6 13. Qc2 Nf6 14. Ng5 {e4!} g6
15. Qc6 Rb8 16. Qf3 Bb7 17. e4 Qe7 18. Rfd1 Rbc8 19. Re1 {Dh3} Rfd8 20. Rxc8
Rxc8 21. Qh3 Bb4 22. Qe3 Bxd2 23. Qxd2 Rc7 24. f4 Rc8 25. Nf3 Ng4 26. h3 Nf6
27. g3 a6 28. Kh2 b5 29. Ne5 Nd7 30. Nxd7 Qxd7 31. Bc2 Rd8 32. Rd1 f5 33. Qe2
Bxe4 34. Bxe4 fxe4 35. Qxe4 Qd5 36. Qxd5 exd5 37. g4 Re8 38. Rd2 Kf7 39. Kg2
Re3 40. h4 h5 41. gxh5 gxh5 42. Rc2 Rd3 43. Rc7+ Ke8 44. Rh7 Rxd4 45. Rxh5 Rxf4
46. Kg3 Rd4 47. Re5+ Kf7 48. Re2 Kf6 49. Kh3 Rd1 50. Kg4 Rg1+ 51. Kf4 Rh1 52.
Kg4 d4 53. h5 a5 54. Rb2 b4 55. Rd2 Ke5 56. Re2+ Kd5 57. Kg5 d3 58. Re7 Ra1 59.
Rd7+ Kc4 60. Rc7+ Kb5 61. Rd7 a4 62. Rxd3 Rxa2 63. Rd1 b3 64. Rh1 Rg2+ 65. Kf6
a3 66. h6 a2 67. h7 Rh2 68. Rxh2 a1=Q+ 69. Kf7 Qa7+ 70. Ke6 Qe3+ 71. Kd5 Qf3+
72. Kd4 Qf4+ 0-1

[Event "Aktivschachturnier (30 Sek. pro Zug)"]
[Site "Wuppertal"]
[Date "2007.??.??"]
[Round "?"]
[White "Centurion, Saitek"]
[Black "Citrine, Novag"]
[Result "0-1"]
[ECO "E10"]
[WhiteElo "1978"]
[BlackElo "1990"]
[Annotator "Jaeger,Thomas"]
[PlyCount "111"]
[EventDate "2007.??.??"]
[TimeControl "120+1"]

{32MB, book.ctg, ANJATHOMAS} 1. d4 Nf6 {letzter Buchzug - unglaublich!} 2. Nf3
e6 3. c4 {letzter Buchzug} d6 4. Nc3 Be7 5. e3 O-O 6. Bd3 Nc6 7. O-O Bd7 8. a3
a6 9. b4 Qb8 10. Bb2 Qa7 11. Rc1 Rfb8 12. Bc2 Rc8 13. Qe2 Rcb8 14. d5 Ne5 15.
Rfd1 Nxf3+ 16. Qxf3 Rf8 {
e5! Citrin will partout die Bauern nicht auf die 5.Reihe bringen} 17. Qg3 Nh5
18. Qh3 Nf6 19. Nb5 {da s lasste sich der Ceturion nicht entgehen und bestraft
das besch. Spiel des Citrine} e5 20. Bxh7+ Nxh7 21. Qxd7 axb5 22. Qxe7 Rfc8 23.
cxb5 Qb6 24. Rc4 Nf6 25. e4 Qxb5 26. Rdc1 Ne8 27. f3 Ra6 28. Kh1 Rb8 29. R1c3
c6 30. Qd7 Rb6 31. Ba1 Ra8 32. dxc6 {?} Rxc6 33. Bb2 Nf6 34. Qxb7 Qxb7 35. Rxc6
d5 36. exd5 Nxd5 37. R3c4 Rd8 38. h3 Ne3 39. R4c5 Nxg2 {
?! Td1 gewinnt nach Kh2 Td2 eigentlich sofort} 40. Kxg2 Rd2+ 41. Kg3 Rxb2 42.
Rc3 Rb3 43. Rc7 Qd5 44. R7c5 Qd1 (44... Qd4 45. Rxb3 Qg1+ 46. Kh4 f6 47. f4
Qf2+ 48. Rg3 exf4) 45. Rxb3 Qxb3 46. Rxe5 Qxa3 47. b5 Qd3 48. Kg4 Qd4+ 49. f4
f6 50. Re7 Qg1+ 51. Kf3 Qf1+ 52. Kg3 Qxb5 53. Kg4 g5 54. Rc7 gxf4 55. Rc8+ Kf7
56. Rd8 0-1

[Event "Aktivschachturnier (30 Sek. pro Zug)"]
[Site "Wuppertal"]
[Date "2007.??.??"]
[Round "?"]
[White "Citrine, Novag"]
[Black "Centurion, Saitek"]
[Result "1-0"]
[ECO "B01"]
[WhiteElo "1990"]
[BlackElo "1978"]
[Annotator "Jaeger,Thomas"]
[PlyCount "61"]
[EventDate "2007.??.??"]
[TimeControl "120+1"]

{32MB, book.ctg, ANJATHOMAS} 1. e4 d5 2. exd5 Nf6 3. d4 Nxd5 4. c4 Nf6 {
letzter Buchzug} 5. Nf3 Bg4 6. Be2 {letzter Buchzug} c5 7. Qb3 {
auf Turnierstufe war es dc5} Qc7 8. h3 Bh5 9. Bf4 Qc8 10. d5 b6 11. O-O Nbd7
12. Nc3 Qa6 {Schwarz steht eigentlich schon auf Verlust} 13. Rfe1 O-O-O 14.
Rad1 Rg8 15. Nb5 Bg6 {Centurion sieht sich 0,1 hinten!?} 16. Bc7 Re8 17. Bf4
Rd8 18. Nc7 Qb7 19. Qa4 Nh5 20. Bh2 {Citrine nur +0,7} Nb8 21. Ne5 Nf6 22. Nc6
a6 23. Bg4+ {wieder gut} Nxg4 24. Nxd8 b5 25. Qa5 Qa7 26. Nc6 {
Sb5 war schon matt in 9} Nxc6 27. dxc6 e5 28. Nxb5 Qe7 29. Qxa6+ Kb8 30. Rd8+
Qxd8 31. Qb7# 1-0

[Event "Aktivschachturnier (30 Sek. pro Zug)"]
[Site "Wuppertal"]
[Date "2007.??.??"]
[Round "?"]
[White "Citrine, Novag"]
[Black "Super Expert C, Novag"]
[Result "0-1"]
[ECO "D20"]
[WhiteElo "1990"]
[BlackElo "1960"]
[Annotator "Jaeger,Thomas"]
[PlyCount "178"]
[EventDate "2007.??.??"]
[TimeControl "120+1"]

{32MB, book.ctg, ANJATHOMAS} 1. d4 d5 2. c4 dxc4 3. e4 Nf6 4. e5 Nd5 5. Bxc4
Nb6 6. Bb3 Nc6 7. Nf3 Bg4 8. Bxf7+ Kxf7 9. Ng5+ Ke8 10. Qxg4 Qxd4 11. Qe2 Qxe5
12. Be3 Nd5 13. Nf3 Qf5 14. O-O e6 15. Nc3 Bd6 16. Nxd5 Qxd5 17. Rfd1 Qf5 18.
Nd4 Nxd4 19. Bxd4 Rf8 20. Bxg7 {letzter Buchzug} Rg8 {letzter Buchzug} 21. Bd4
Qh3 22. g3 c6 23. Bxa7 Be7 24. Bd4 Rd8 25. f3 Rd5 26. Rac1 Ra5 27. Qc4 Bg5 {
Tag5!} 28. Rc3 Rd5 29. Ra3 Rd7 {Lf4!} 30. Ra8+ Kf7 31. Ra3 Ke8 32. Re1 Rd5 33.
Rb3 Bh4 {Lf4 ist besser} 34. Re2 (34. Rxe6+ Qxe6 35. Re3 Qxe3+ 36. Bxe3 Be7)
34... Bxg3 35. hxg3 Qxg3+ 36. Kf1 Qh3+ 37. Kf2 Qh4+ 38. Ke3 e5 {
der SEC spielt im Eiltempo kein 10 min verbraucht} 39. Rxb7 Qf4+ 40. Kf2 Qh2+
41. Ke3 Qg1+ 42. Rf2 exd4+ 43. Kd3 Qd1+ 44. Ke4 Rg6 45. Rb8+ Kd7 46. Qf1 Qxf1 {
vielleicht war mit Te6 oder Da4 mehr drin.} 47. Rxf1 d3 {!?} 48. Rb7+ Kd6 49.
Rxh7 Re6+ 50. Kf4 d2 51. Rhh1 Rd4+ 52. Kg3 Re5 53. Kf2 c5 54. Rfg1 Rf5 {?!} 55.
Ke2 Re5+ 56. Kd1 Ra4 57. a3 Rd4 58. Rg2 Re3 59. Rf2 Rb3 60. Rh6+ {
Kc2 behalt den Vorteil} Kd5 61. Rxd2 Rxb2 62. Rxd4+ cxd4 63. Rh5+ Kc4 64. f4 d3
65. Rh7 Rf2 66. a4 Rxf4 67. a5 Rf1+ 68. Kd2 Rf2+ 69. Ke3 {?} Re2+ 70. Kf3 Re6
71. Rd7 {a6!} Kc3 72. Rc7+ Kd2 73. Rd7 Kc2 74. Rc7+ Kd1 75. Rc8 d2 76. Kf2 Rf6+
77. Kg3 Ra6 78. Rc7 Ke2 {ohne Schutz des Turmes geht es nicht} 79. Re7+ Kd3 80.
Rd7+ Kc2 81. Rc7+ Kd1 82. Kf4 Rxa5 83. Kf3 Rd5 84. Kf2 Rf5+ 85. Kg3 Ke2 86.
Re7+ Kd3 87. Rd7+ Kc3 88. Kg2 Rf4 89. Rxd2 Kxd2 0-1

[Event "Aktivschachturnier (30 Sek. pro Zug)"]
[Site "Wuppertal"]
[Date "2007.??.??"]
[Round "?"]
[White "Super Expert C, Novag"]
[Black "Citrine, Novag"]
[Result "0-1"]
[ECO "D25"]
[WhiteElo "1960"]
[BlackElo "1990"]
[Annotator "Jaeger,Thomas"]
[PlyCount "172"]
[EventDate "2007.??.??"]
[TimeControl "120+1"]

{32MB, book.ctg, ANJATHOMAS} 1. d4 d5 2. Nf3 Nf6 3. c4 dxc4 4. e3 Bg4 5. h3 Bh5
6. Bxc4 e6 7. Nc3 Nbd7 8. O-O Bd6 9. e4 e5 10. Be2 O-O 11. dxe5 Nxe5 12. Nd4
Bxe2 13. Qxe2 Ng6 14. Rd1 Qc8 15. Bg5 Be5 16. Qe3 Nh5 17. Qf3 Nhf4 18. Nf5 Qe6
19. h4 {letzter Buchzug} h6 {letzter Buchzug wieder eine lange Novag-Variante}
20. Bxf4 Nxf4 21. Rd2 Rad8 22. Rad1 Rxd2 23. Rxd2 Re8 24. Qg4 Kh8 25. f3 a6 26.
Kh1 Qc4 27. Ne3 Qc5 28. Nf5 Qc4 29. Kg1 {?!} Ng6 {Sd3!} 30. Rc2 {?!} Qd3 31.
Rc1 Qd2 32. Rb1 Qc2 33. Rf1 Qxb2 34. Nd5 b6 35. h5 Nf8 36. Rf2 Qc1+ 37. Rf1 Qc4
38. Rf2 Ne6 39. Qh4 Rd8 40. Nde3 Qc1+ 41. Rf1 Qc3 42. f4 Bd4 43. Qg3 Bc5 44.
Rf2 Qe1+ 45. Kh2 Rd3 46. Rf3 Qxg3+ 47. Rxg3 Nxf4 48. Nd5 Rxg3 49. Nxg3 Bd6 50.
Nf5 Be5 51. Nxf4 Bxf4+ 52. g3 Be5 53. Kg2 b5 54. Ne7 c5 55. Nc6 Bc3 56. Nd8 Kg8
57. Nc6 b4 {?! mit der schlechteste Zug} 58. Kf3 Kh7 59. Na5 Kg8 60. Nc6 Kh7
61. Na5 Bf6 62. Kf4 Kg8 63. Nc4 Bd4 64. Kf5 Kf8 65. g4 Ke8 66. e5 Ke7 67. Nd2
Be3 68. Nc4 Bd4 69. Nd2 Kd7 70. Nc4 Bc3 71. Nd6 Ke7 {
Citrine spielt in diese Phase schlecht} 72. Ke4 {auch nicht gut} a5 73. Kd5 a4
74. Ne4 Bd4 75. Kc4 Ke6 76. g5 {?} hxg5 {?} 77. Nxg5+ Ke7 78. Ne4 Bxe5 {
? b3 ab a3} 79. Nxc5 b3 {gerade noch errechnet, wollte g5 spielen} 80. axb3 a3
81. b4 a2 82. Nb3 a1=Q 83. Nxa1 Bxa1 84. Kc5 Be5 85. Kd5 Kf6 86. b5 Bc7 0-1

[Event "Aktivschachturnier (30 Sek. pro Zug)"]
[Site "Wuppertal"]
[Date "2007.??.??"]
[Round "?"]
[White "Centurion, Saitek"]
[Black "Super Expert C, Novag"]
[Result "1/2-1/2"]
[ECO "E60"]
[WhiteElo "1978"]
[BlackElo "1960"]
[Annotator "Jaeger,Thomas"]
[PlyCount "87"]
[EventDate "2007.??.??"]
[TimeControl "120+1"]

{32MB, book.ctg, ANJATHOMAS} 1. d4 g6 2. c4 Nf6 3. Nf3 Bg7 4. g3 O-O 5. Bg2 {
letzter Buchzug} c5 {letzter Buchzug} 6. dxc5 Qa5+ 7. Nbd2 Qxc5 8. O-O Nc6 9.
b3 d6 10. Bb2 Qh5 11. e3 Bg4 12. Qe2 Rac8 13. Rad1 Ne5 14. Rfe1 Nfd7 15. Bd4 b5
{!?} 16. Rb1 bxc4 (16... Nxf3+ 17. Bxf3 Bxf3 18. Qxf3 Qxf3 19. Nxf3 e5 20. Bxa7
Ra8 21. cxb5 Rxa7 22. a4) 17. bxc4 Nxf3+ {Sc5 ist gut} 18. Bxf3 Bxf3 19. Nxf3
Nc5 20. Bxg7 Kxg7 21. Red1 Rb8 22. e4 Kg8 {f6!} 23. e5 dxe5 24. Qxe5 Qxf3 25.
Qxc5 Qe2 26. Qxa7 Ra8 27. Qe3 Qxe3 28. fxe3 Rxa2 29. Rb7 Rc8 30. Rc1 Kf8 {
Td8 nebst Td2!} 31. c5 Ra6 32. Rc4 Rac6 33. Re4 R8c7 34. Rxc7 Rxc7 35. Rc4 Rc6
36. Kf2 h5 37. Kf3 f5 {nicht gut} 38. Kf4 Kf7 39. Ke5 e6 40. h4 Ke7 41. Rc3 Kf7
42. Rc4 Ke7 43. Rc3 Kf7 44. Rc4 1/2-1/2

[Event "Aktivschachturnier (30 Sek. pro Zug)"]
[Site "Wuppertal"]
[Date "2007.??.??"]
[Round "?"]
[White "Super Expert C, Novag"]
[Black "Centurion, Saitek"]
[Result "0-1"]
[ECO "C10"]
[WhiteElo "1960"]
[BlackElo "1978"]
[Annotator "Jaeger,Thomas"]
[PlyCount "50"]
[EventDate "2007.??.??"]
[TimeControl "120+1"]

{32MB, book.ctg, ANJATHOMAS} 1. e4 e6 2. d4 d5 3. Nd2 dxe4 4. Nxe4 Nd7 5. Nf3
Ngf6 {letzter Buchzug} 6. Bd3 Nxe4 7. Bxe4 Nf6 8. Bg5 Be7 9. Bxf6 Bxf6 10. c3
Qd6 11. Qe2 O-O 12. O-O-O c5 13. Kb1 {letzter Buchzug} cxd4 14. Nxd4 Qe7 15.
Qh5 g6 16. Qe2 Rd8 17. Nf3 Bd7 18. Bxb7 {?} Rab8 19. Qe4 Bxc3 20. g4 Bxb2 21.
Kxb2 Bc8 22. Rxd8+ Qxd8 23. Qf4 Bxb7 24. Ka1 Bxf3 25. Rc1 Bxg4 0-1

[Event "Aktivschachturnier (30 Sek. pro Zug)"]
[Site "Wuppertal"]
[Date "2007.??.??"]
[Round "?"]
[White "Leonardo B 6 MHz, Saitek"]
[Black "Super Expert C, Novag"]
[Result "0-1"]
[ECO "A00"]
[WhiteElo "1820"]
[BlackElo "1960"]
[Annotator "Jaeger,Thomas"]
[PlyCount "62"]
[EventDate "2007.??.??"]
[TimeControl "120+1"]

{32MB, book.ctg, ANJATHOMAS} 1. d4 e6 2. c4 Nf6 3. Nc3 Bb4 4. e3 b6 5. Nge2 {
letzter Buchzug} Ne4 6. Bd2 Nxd2 7. Qxd2 Ba6 {letzter Buchzug} 8. Nf4 Nc6 9.
O-O-O Na5 10. b3 O-O 11. Bd3 Nc6 12. Be4 Bb7 13. d5 Ne5 14. Qd4 Ng4 15. Nh3 Nf6
16. Bf3 Ba3+ 17. Kb1 exd5 18. cxd5 Bc5 19. Qf4 Bd6 20. Qc4 a5 21. Nb5 Ba6 22.
Ng5 Re8 23. Be2 h6 24. Nh3 Ne4 25. Qc2 a4 26. bxa4 Qf6 27. Kc1 {
? Td4 ist am Besten} Bxb5 {und vorbei!} 28. Rd4 Bxe2 29. Qxe2 Bc5 30. Rhd1 Bxd4
31. Rxd4 Nc3 0-1

[Event "Aktivschachturnier (30 Sek. pro Zug)"]
[Site "Wuppertal"]
[Date "2007.??.??"]
[Round "?"]
[White "Super Expert C, Novag"]
[Black "Leonardo B 6 MHz, Saitek"]
[Result "0-1"]
[ECO "C43"]
[WhiteElo "1960"]
[BlackElo "1820"]
[Annotator "Jaeger,Thomas"]
[PlyCount "112"]
[EventDate "2007.??.??"]
[TimeControl "120+1"]

{32MB, book.ctg, ANJATHOMAS} 1. e4 e5 2. Nf3 Nf6 3. d4 Nxe4 4. Bd3 d5 5. Nxe5
Nd7 6. Qe2 Nxe5 7. Bxe4 dxe4 8. Qxe4 Be6 9. Qxe5 Qd7 10. Be3 Bd6 {
letzter Buchzug} 11. Qa5 {letzter Buchzug} Qc6 12. Qg5 {?!} O-O {
Dc2!? aber auch so steht Schwarz besser} 13. Nc3 Bb4 14. O-O-O {
?! sieht seltsam aus} (14. O-O Bxc3 15. bxc3 Qxc3 16. Rab1) 14... Bxc3 15. d5
Bxb2+ 16. Kxb2 Qb5+ 17. Ka1 {SEC sieht sich nur 0,07 hinten!} f6 18. Qh5 Bf7
19. Qf5 c6 20. Rd4 Bxd5 21. Rh4 g6 22. Qd7 Rf7 23. Qg4 f5 24. c4 fxg4 25. cxb5
Bxg2 26. Rg1 Bf3 27. bxc6 bxc6 28. Kb2 Rf5 29. Rc1 Rb8+ 30. Kc3 Ra5 31. Rc2
Ra3+ 32. Kc4 Bd5+ 33. Kc5 Rb5+ 34. Kd6 Ra4 35. Rd2 Rba5 36. Rb2 h5 37. Rb8+ Kf7
38. Rb7+ Kf6 39. h3 gxh3 40. Rxh3 Rxa2 41. Bd4+ Kf5 42. Rc7 Rd2 43. Bc3 Bg2+
44. Bxd2 Rd5+ 45. Ke7 Bxh3 46. Be3 a5 47. Rxc6 Re5+ 48. Kf7 g5 49. Ra6 Bf1 50.
Rg6 Re7+ 51. Kxe7 Kxg6 52. Ke6 h4 53. f4 h3 54. f5+ Kh5 55. Bg1 g4 56. Bh2 Kh4
0-1

[Event "Aktivschachturnier (30 Sek. pro Zug)"]
[Site "Wuppertal"]
[Date "2007.??.??"]
[Round "?"]
[White "Leonardo B 6 MHz, Saitek"]
[Black "Excel 68000, Fidelity"]
[Result "0-1"]
[ECO "D02"]
[WhiteElo "1820"]
[BlackElo "1858"]
[Annotator "Jaeger,Thomas"]
[PlyCount "132"]
[EventDate "2007.??.??"]
[TimeControl "120+1"]

{32MB, book.ctg, ANJATHOMAS} 1. d4 d5 2. Nf3 Nf6 3. c4 c6 4. Nc3 dxc4 5. a4 Bf5
6. e3 e6 7. Bxc4 Bb4 8. O-O O-O 9. Qe2 Nbd7 10. e4 Bg6 11. Bd3 Bh5 {
letzter Buchzug} 12. Bf4 Qb6 13. e5 Nd5 14. Nxd5 cxd5 15. Be3 {Lh7!} Rfc8 16.
Rac1 a6 17. h3 Be7 18. Rxc8+ Rxc8 19. Rb1 Qb4 20. b3 Qb6 21. Qd1 Rc3 22. Kh2
Bxf3 23. gxf3 Ba3 24. f4 f5 25. exf6 Nxf6 26. f5 Qc7+ 27. Kh1 e5 28. Ra1 Be7
29. dxe5 Qxe5 30. Rc1 Bd6 31. f4 Qxe3 32. Rxc3 Qxh3+ 33. Kg1 Bc5+ {Lf4 gewinnt}
34. Rxc5 Qe3+ 35. Kh2 Qxc5 36. Kg2 Qe3 37. Qe2 Qxf4 38. Qe6+ Kh8 39. Qc8+ Ng8
40. Bc2 Qd2+ 41. Kf3 h5 42. f6 g5 43. Bg6 Qf4+ 44. Kg2 Qxf6 45. Bxh5 Qb2+ 46.
Kg3 Qxb3+ 47. Bf3 Qxa4 48. Qxb7 Qf4+ 49. Kg2 Qd2+ 50. Kg3 d4 51. Qxa6 Qf4+ 52.
Kg2 g4 53. Bb7 Kg7 54. Qd3 Nf6 55. Bc6 Kh6 56. Qe2 Kg5 57. Qc2 Qe3 58. Qc5+ Kg6
59. Qc2+ d3 60. Qa2 Qe1 {d2!} 61. Ba4 Kg5 62. Qb3 Qe4+ 63. Kg1 g3 64. Qb5+ Kg4
65. Qc5 Qe1+ 66. Kg2 Qe2+ {gibt matt in 5} 0-1

[Event "Aktivschachturnier (30 Sek. pro Zug)"]
[Site "Wuppertal"]
[Date "2007.??.??"]
[Round "?"]
[White "Excel 68000, Fidelity"]
[Black "Leonardo B 6 MHz, Saitek"]
[Result "1/2-1/2"]
[ECO "D87"]
[WhiteElo "1858"]
[BlackElo "1820"]
[Annotator "Jaeger,Thomas"]
[PlyCount "106"]
[EventDate "2007.??.??"]
[TimeControl "120+1"]

{32MB, book.ctg, ANJATHOMAS} 1. d4 Nf6 2. c4 g6 3. Nc3 d5 4. cxd5 Nxd5 5. e4
Nxc3 6. bxc3 Bg7 7. Bc4 O-O 8. Ne2 c5 9. Be3 Nc6 10. O-O {letzter Buchzug} Na5
{letzter Buchzug} 11. Qd3 Nxc4 12. Qxc4 cxd4 13. cxd4 Bg4 14. f3 Bd7 15. Qb4
Bc6 16. Bg5 f6 17. Qb3+ Rf7 18. Be3 Qa5 19. d5 Bb5 20. Rae1 {
immer mal den falschen Turm} Rc8 21. a4 Qxa4 22. Qxa4 Bxa4 23. Bxa7 f5 24. Rc1
Rxc1 25. Rxc1 fxe4 26. fxe4 Bb5 27. Rc8+ Bf8 28. Ng3 h5 29. h4 Rf4 30. Be3 Rf7
31. e5 Bd7 32. Rc7 {Td8} e6 33. Ne4 Bg7 34. Ng5 Bxe5 35. Rxb7 Rg7 36. dxe6 {
Ta7!} Bc6 37. e7 Ba4 38. Bc5 Be8 39. Ra7 Kh8 40. Ra8 Rg8 41. Ne6 Bb5 42. Nf8
Bf6 43. Rb8 Ba4 44. e8=Q Bxe8 45. Rxe8 Kg7 46. Ne6+ Kf7 47. Rxg8 Kxg8 48. g3
Kf7 49. Nd4 g5 50. hxg5 Bxg5 51. Kf1 Kf6 52. Ke2 h4 53. gxh4 {?} Bxh4 1/2-1/2

[Event "Aktivschachturnier (30 Sek. pro Zug)"]
[Site "Wuppertal"]
[Date "2007.??.??"]
[Round "?"]
[White "Leonardo B 6 MHz, Saitek"]
[Black "Centurion, Saitek"]
[Result "0-1"]
[ECO "A43"]
[WhiteElo "1820"]
[BlackElo "1978"]
[Annotator "Jaeger,Thomas"]
[PlyCount "80"]
[EventDate "2007.??.??"]
[TimeControl "120+1"]

{32MB, book.ctg, ANJATHOMAS} 1. d4 c5 2. dxc5 e6 {letzter Buchzug} 3. Nc3 Bxc5
4. Ne4 d5 5. Nxc5 Qa5+ 6. c3 Qxc5 7. e4 {letzter Buchzug} Ne7 8. Be3 Qc7 9.
exd5 Nxd5 10. Bd3 O-O 11. Qc2 f5 12. Ne2 Nxe3 13. fxe3 Nd7 14. O-O Ne5 15. Rae1
Nxd3 16. Qxd3 Rd8 17. Qc2 e5 18. Ng3 g6 19. e4 Qb6+ 20. Rf2 f4 21. Ne2 Be6 22.
Nc1 Rd7 23. Rd1 Rxd1+ 24. Qxd1 Qe3 25. Qc2 Rc8 {Td8!} 26. Nb3 Bc4 27. Nd2 Qe1+
28. Nf1 a6 29. a4 Rd8 30. b3 Bd3 31. Qd2 Qxe4 32. Qc1 b5 33. axb5 axb5 34. Qd2
Qc6 35. Qb2 Qc7 36. Nd2 e4 37. Nb1 e3 38. Re2 Bxe2 39. Qxe2 Qd6 40. Kf1 Qd1+
0-1

[Event "Aktivschachturnier (30 Sek. pro Zug)"]
[Site "Wuppertal"]
[Date "2007.??.??"]
[Round "?"]
[White "Centurion, Saitek"]
[Black "Leonardo B 6 MHz, Saitek"]
[Result "1-0"]
[ECO "D01"]
[WhiteElo "1978"]
[BlackElo "1820"]
[Annotator "Jaeger,Thomas"]
[PlyCount "47"]
[EventDate "2007.??.??"]
[TimeControl "120+1"]

{32MB, book.ctg, ANJATHOMAS} 1. d4 Nf6 2. Nc3 d5 3. Bg5 {letzter Buchzug} c6 {
letzter Buchzug} 4. Nf3 Bf5 5. e3 e6 6. Bd3 Bb4 7. Bxf5 exf5 8. O-O Bxc3 9.
bxc3 O-O 10. Rb1 b6 11. c4 dxc4 12. Ne5 b5 13. Qf3 Qc8 14. Bxf6 gxf6 15. Qf4
Qe8 16. Nf3 Qe4 17. Qg3+ Kh8 18. Qd6 Kg8 19. c3 Qc2 {?} 20. Qxf6 Qxc3 21. Ng5
Qc2 22. Qh6 f4 23. e4 Qxe4 24. Nxe4 1-0

[Event "Aktivschachturnier (30 Sek. pro Zug)"]
[Site "Wuppertal"]
[Date "2007.??.??"]
[Round "?"]
[White "Leonardo B 6 MHz, Saitek"]
[Black "Citrine, Novag"]
[Result "0-1"]
[ECO "B10"]
[WhiteElo "1820"]
[BlackElo "1990"]
[Annotator "Jaeger,Thomas"]
[PlyCount "100"]
[EventDate "2007.??.??"]
[TimeControl "120+1"]

{32MB, book.ctg, ANJATHOMAS} 1. e4 c6 2. Nc3 d5 {letzter Buchzug} 3. Bd3 {
letzter Buchzug} e5 4. Qh5 Qd6 5. Nf3 d4 6. Ne2 Nd7 7. Bc4 g6 8. Qh4 Be7 9. Qg3
b5 10. Bb3 a5 11. a4 Ngf6 12. d3 Nh5 13. Qh3 Nc5 14. g4 Nxb3 15. cxb3 Qb4+ 16.
Nd2 O-O 17. axb5 cxb5 18. Qf3 Nf6 19. g5 Nd7 20. Qg3 Nc5 21. O-O f6 22. f4 exf4
23. Nxf4 Bb7 24. gxf6 Rxf6 25. Nd5 Bxd5 26. Rxf6 Bxf6 27. exd5 Re8 28. h3 Nxb3
29. Nxb3 Qxb3 30. Bh6 Be5 31. Qg2 Bd6 32. Rc1 Qxd3 33. Qg4 Kh8 {
? unglaublich bloder Zug} 34. Rc8 Qb1+ 35. Bc1 Rf8 36. Qxd4+ Kg8 37. Rxf8+ Bxf8
38. Qc3 Be7 {?!} 39. Qc6 {Dc8 =} Kg7 40. Kf2 Qe4 41. Qd7 Qf5+ 42. Qxf5 gxf5 43.
Kf3 Kf6 44. Bf4 Bc5 45. Bd2 b4 46. Bf4 a4 47. Bc7 a3 48. bxa3 bxa3 49. Ba5 Bd4
50. d6 Ke6 0-1

[Event "Aktivschachturnier (30 Sek. pro Zug)"]
[Site "Wuppertal"]
[Date "2007.??.??"]
[Round "?"]
[White "Citrine, Novag"]
[Black "Leonardo B 6 MHz, Saitek"]
[Result "1-0"]
[ECO "D34"]
[WhiteElo "1990"]
[BlackElo "1820"]
[Annotator "Jaeger,Thomas"]
[PlyCount "109"]
[EventDate "2007.??.??"]
[TimeControl "120+1"]

{32MB, book.ctg, ANJATHOMAS} 1. c4 e6 2. d4 d5 3. Nc3 c5 4. cxd5 exd5 5. Nf3
Nc6 6. g3 Nf6 7. Bg2 Be7 8. O-O O-O 9. Bg5 cxd4 10. Nxd4 h6 11. Be3 Re8 12. Rc1
Bf8 {letzter Buchzug} 13. Qc2 {letzter Buchzug} Bb4 14. Rfd1 Be6 15. Qa4 Bd7
16. Qb3 Bxc3 17. Rxc3 Nxd4 18. Rxd4 Bc6 19. Qa3 Ne4 20. Rc1 Qf6 21. Rdd1 Qe7
22. Qxe7 Rxe7 23. Bf3 Ree8 24. Kg2 f5 25. Bh5 Re6 26. h3 d4 {
!? zumindest interessant} 27. Rxd4 Rc8 {Sg5} 28. Bf3 a6 29. g4 Rg6 30. Kh2 Nd6
31. Bxc6 Rxc6 32. Rxc6 bxc6 33. Bf4 Nb7 34. gxf5 Rf6 35. e4 g6 36. Rb4 Rf7 37.
fxg6 Rxf4 38. Rxb7 Rxf2+ 39. Kg3 Rf6 40. g7 Rg6+ 41. Kf4 Rxg7 42. Rb6 {
Tg7 ist einfach} Rg2 43. Rxc6 Rxb2 44. Rxa6 Rh2 45. Rxh6 Rxa2 46. h4 Rh2 47.
Rh5 Kg7 48. Rg5+ Kf6 49. e5+ Kf7 50. h5 Rf2+ 51. Kg4 Ke6 52. h6 Rg2+ 53. Kh5
Re2 54. h7 Rh2+ 55. Kg6 1-0

[Event "Aktivschachturnier (30 Sek. pro Zug)"]
[Site "Wuppertal"]
[Date "2007.??.??"]
[Round "?"]
[White "Leonardo B 6 MHz, Saitek"]
[Black "Kishon Chesster, Fidelity"]
[Result "1/2-1/2"]
[ECO "E12"]
[WhiteElo "1820"]
[BlackElo "1781"]
[Annotator "Jaeger,Thomas"]
[PlyCount "134"]
[EventDate "2007.??.??"]
[TimeControl "120+1"]

{32MB, book.ctg, ANJATHOMAS} 1. d4 Nf6 2. c4 e6 3. Nf3 b6 {letzter Buchzug} 4.
a3 {letzter Buchzug} d5 5. cxd5 exd5 6. Nc3 Be7 7. Bf4 Nh5 8. g3 Nxf4 9. gxf4
O-O 10. Bg2 Bf5 11. Ne5 c6 12. b4 a6 13. Qb3 Ra7 14. O-O Bd6 15. Kh1 Re8 16. e3
Ree7 17. Nxc6 Nxc6 18. Qxd5 Bd3 19. Rfd1 Bc2 20. Rdc1 Nxd4 21. Qxd4 Bg6 22. Na4
Rac7 23. Nxb6 Re8 24. Rc6 Re6 25. Rxc7 Qxc7 26. Nc4 Be7 27. Qd5 Rf6 28. Rd1 Bf8
29. Rc1 Bf5 30. Qb7 Qd8 31. e4 {?!} Bc8 {Le6!} 32. Qb8 {?} Rc6 33. Bf1 Be7 {?}
34. Qe5 Bg4 35. Qc3 Bh4 36. f3 Bc8 37. Be2 Bh3 38. Qe5 Qc8 39. a4 Rg6 40. Rg1
Bf6 41. Qd5 Rxg1+ 42. Kxg1 Be7 43. b5 Bc5+ 44. Kh1 axb5 45. axb5 Be6 46. Qc6
Qf8 47. f5 Bc8 48. f4 g6 49. Bd3 gxf5 50. exf5 Qd8 51. Bc2 Bxf5 52. Bxf5 {Dc5!}
Qd1+ 53. Kg2 Qe2+ 54. Kg3 Qxc4 55. Kf3 Qf1+ 56. Kg3 Qc4 57. Be4 Qc3+ 58. Kg4
h5+ 59. Kg5 Be7+ 60. Kf5 Qh3+ 61. Ke5 Qxh2 62. Qc2 Qxc2 63. Bxc2 Bc5 64. Kf6
Kf8 65. Kg5 Be3 66. Kxh5 Bxf4 67. b6 Ke7 1/2-1/2

[Event "Aktivschachturnier (30 Sek. pro Zug)"]
[Site "Wuppertal"]
[Date "2007.??.??"]
[Round "?"]
[White "Kishon Chesster, Fidelity"]
[Black "Leonardo B 6 MHz, Saitek"]
[Result "0-1"]
[ECO "D37"]
[WhiteElo "1781"]
[BlackElo "1820"]
[Annotator "Jaeger,Thomas"]
[PlyCount "54"]
[EventDate "2007.??.??"]
[TimeControl "120+1"]

{32MB, book.ctg, ANJATHOMAS} 1. d4 d5 2. c4 e6 3. Nc3 Nf6 4. Nf3 Be7 5. Bf4 O-O
6. e3 {letzter Buchzug} Nbd7 {letzter Buchzug} 7. Qb3 c5 8. cxd5 cxd4 9. exd4
Nb6 10. dxe6 Bxe6 11. Qb5 Re8 12. Bd3 Nfd5 13. Be5 Bb4 14. Bc2 f6 15. Qd3 fxe5
16. Nxe5 g6 17. O-O Bxc3 18. bxc3 Rc8 19. Qd2 Nxc3 20. Bd1 Nb5 21. Bf3 Bf5 22.
Rfe1 Nxd4 23. Qf4 Nc2 24. Bxb7 Rc5 25. Rac1 Qc7 (25... Nxe1 26. Rxc5 Qd1) 26.
Bc6 Rxc6 27. g3 Rce6 {gibt auf} 0-1